 Dungeon Crawl Stone Soup version 0.17.0-28-g6e173f8 (console) character file.

65 Kloppie the Conjurer (level 3, -4/25 HPs)
             Began as a High Elf Conjurer on Nov 22, 2015.
             Slain by a gnoll
             ... wielding a +0 halberd
              (8 damage)
             ... on level 3 of the Dungeon.
             The game lasted 00:03:23 (1959 turns).

Kloppie the Conjurer (High Elf Conjurer)            Turns: 1959, Time: 00:03:23

Health: -4/25      AC:  3    Str:  7    XL:     3   Next: 94%
Magic:  7/7        EV:  7    Int: 20    God:
Gold:   66         SH:  0    Dex: 15    Spells: 1 memorised, 5 levels left

rFire  . . .     SeeInvis .     e - +0 dagger
rCold  . . .     Clarity  .     a - +0 robe
rNeg   . . .     SustAt   .     (no shield)
rPois  .         Gourm    .     f - +1 hat
rElec  .         Spirit   .     (no cloak)
rCorr  .         Warding  .     (no gloves)
rMut   .         Stasis   .     (no boots)
MR     .....                    (no amulet)
Stlth  ++........               (no ring)
                                (no ring)

@: not resistant to hostile enchantments, unstealthy
A: no striking features
a: no special abilities


You were on level 3 of the Dungeon.
You were not hungry.

You visited 1 branch of the dungeon, and saw 3 of its levels.

You collected 66 gold pieces.

Inventory:

Hand Weapons
 e - a +0 dagger (weapon)
Armour
 a - a +0 robe (worn)
 f - a +1 hat (worn)
Scrolls
 d - a scroll of magic mapping {unknown}
 g - 2 scrolls of recharging {unknown}
 h - a scroll of remove curse {unknown}
 i - 3 scrolls of noise {unknown}
 k - a scroll of teleportation {unknown}
 l - 3 scrolls of identify {unknown}
Books
 b - a book of Conjurations

   Spells                             Type                      Level
   a - Magic Dart                     Conjuration                  1
   b - Searing Ray                    Conjuration                  2
   c - Dazzling Spray                 Conjuration/Hexes            3
   d - Fulminant Prism                Conjuration/Hexes            4
   e - Iskenderun's Mystic Blast      Conjuration                  4
   f - Iskenderun's Battlesphere      Conjuration/Charms           5
Comestibles
 c - 2 bread rations
 j - a beef jerky
 m - 3 chunks of flesh


   Skills:
 + Level 2.5 Fighting
 - Level 2.1 Dodging
 - Level 2.1 Stealth
 - Level 2.4 Spellcasting
 + Level 5.2 Conjurations


You had 5 spell levels left.
You knew the following spells:

 Your Spells              Type           Power        Failure   Level  Hunger
a - Magic Dart            Conj           ###.         1%          1    #......


Dungeon Overview and Level Annotations

Branches:
Dungeon (3/15)

Altars:
Ashenzari
Dithmenos
Elyvilon
Fedhas
Yredelemnul

Annotations:
D:2 Sigmund


Message History

The gnoll hits you but does no damage.
You climb upwards.
Level annotation: Sigmund
Found a club.
Found a shattered altar of Ashenzari and a blossoming altar of Fedhas.
There is a stone staircase leading down here.
You start resting.
Magic restored.
You start resting.
HP restored.
You see here a club.
Okay, then.
There is a stone staircase leading down here.
You climb downwards.
The gnoll hits you but does no damage. The gnoll hits you with a halberd!
The gnoll hits you with an enchanted spear!
* * * LOW HITPOINT WARNING * * *
There is a stone staircase leading up, spattered with blood here.
The gnoll barely misses you. The gnoll hits you with a halberd!
You die...

#..#.# #..... #.....
##### ##.... ##...##
#.... ##.....## #....
#.......# #....
#...g...############.
#...@g...............
##.g.....##########..
##.....### #.#
#.......# #.#
#.......# ..#
#.......# ..##
##.....## .. ##....#
... ####.# ...


You could see 3 gnolls.

Vanquished Creatures
  2 adders (D:3)
  2 worms
  3 giant geckos
  4 orcs (D:3)
  5 ball pythons (D:3)
  3 giant cockroaches
  2 jackals (D:1)
  3 kobolds
  3 giant newts
  5 goblins
  4 rats
36 creatures vanquished.

Notes
Turn   | Place    | Note
--------------------------------------------------------------
     0 | D:1      | Kloppie the High Elf Conjurer began the quest for the Orb.
     0 | D:1      | Reached XP level 1. HP: 11/11 MP: 4/4
     7 | D:1      | Noticed a wolf
     7 | D:1      | Noticed a black bear
     7 | D:1      | Noticed a wyvern
     7 | D:1      | Noticed a salamander
   442 | D:1      | Reached skill level 1 in Fighting
   458 | D:1      | Reached XP level 2. HP: 9/18 MP: 6/6
   987 | D:2      | Reached skill level 5 in Conjurations
  1068 | D:2      | Found a basalt altar of Yredelemnul.
  1216 | D:2      | Noticed Sigmund
  1343 | D:3      | Reached XP level 3. HP: 22/24 MP: 0/7
  1421 | D:3      | Found a shadowy altar of Dithmenos.
  1774 | D:3      | Found a white marble altar of Elyvilon.
  1903 | D:2      | Found a shattered altar of Ashenzari.
  1903 | D:2      | Found a blossoming altar of Fedhas.
  1959 | D:3      | Slain by a gnoll

Action                   || total
-------------------------++-------
Melee: Dagger            ||    50
       Unarmed           ||     5
 Cast: Magic Dart        ||    52
 Stab: Sleeping          ||     3
  Eat: Chunk             ||     3
